 Dungeon Crawl Stone Soup version 0.22-a0-161-g198051c (webtiles) character file.

249 b5mith the Poker (level 6, -3/48 HPs)
             Began as a Human Berserker on Feb 10, 2018.
             Was a Believer of Trog.
             Killed from afar by a goblin (9 damage)
             ... with a wand of flame (33)
             ... on level 3 of the Dungeon.
             The game lasted 00:11:41 (2651 turns).

b5mith the Poker (Human Berserker)                  Turns: 2651, Time: 00:11:42

Health: -3/48      AC:  6    Str: 18    XL:     6   Next: 35%
Magic:  6/6        EV: 13    Int:  7    God:    Trog [**....]
Gold:   123        SH:  0    Dex: 14    Spells: 5/5 levels left

rFire    . . .     SeeInvis .   a - +0 spear
rCold    . . .     Gourm    .   (no shield)
rNeg     . . .     Faith    .   l - +0 leather armour
rPois    .         Spirit   .   (no helmet)
rElec    .         Reflect  .   (no cloak)
rCorr    .         Harm     .   (no gloves)
MR       +....                  (no boots)
Stlth    ++........             (no amulet)
HPRegen  0.16/turn              f - +3 ring of protection
MPRegen  0.10/turn              u - ring of protection from magic

@: no status effects
A: no striking features
a: Berserk, Trog's Hand, Burn Spellbooks, Renounce Religion


You were on level 3 of the Dungeon.
You worshipped Trog.
Trog was pleased with you.
You were not hungry.

You visited 1 branch of the dungeon, and saw 3 of its levels.

You collected 123 gold pieces.

Inventory:

Hand Weapons
 a - a +0 spear (weapon)
 m - a +0 hunting sling
Missiles
 i - 17 bolts
 p - 37 arrows
Armour
 b - a +0 animal skin
 l - a +0 leather armour (worn)
Jewellery
 f - a +3 ring of protection (left hand)
 n - an uncursed ring of resist corrosion
 q - an uncursed ring of poison resistance
 u - a ring of protection from magic (right hand)
Scrolls
 e - a scroll of noise {unknown}
 h - a scroll of remove curse {unknown}
 o - 2 scrolls of teleportation
 r - a scroll of fear
Potions
 d - 3 potions of flight {unknown}
 g - a potion of might {unknown}
 j - a potion of haste {unknown}
 k - a potion of curing {unknown}
 s - a potion of degeneration {unknown}
Comestibles
 c - 3 rations


   Skills:
 + Level 3.9 Fighting
 + Level 4.8 Polearms
 + Level 0.6 Throwing
 + Level 2.6 Armour
 + Level 3.1 Dodging
 + Level 1.7 Stealth


You had 5 spell levels left.
You didn't know any spells.

Dungeon Overview and Level Annotations

Branches:
Dungeon (3/15)

Altars:


Message History

You kill the jackal!
Trog accepts your kill.
A jackal comes into view.
The jackal barks!
You hear a shout!
You hit the jackal but do no damage. The jackal barely misses you.
You puncture the jackal!
You kill the jackal!
Trog accepts your kill.
A goblin comes into view.
The goblin shouts!
You hear a shout!
The goblin zaps a wand.
The puff of flame hits you!
* * * LOW HITPOINT WARNING * * *
It is a wand of flame (34).
Things that are here:
a club; a falchion; an orc corpse You see here 19 stones.
The goblin zaps a wand.
The puff of flame hits you!
* * * LOW HITPOINT WARNING * * *
The goblin zaps a wand.
The puff of flame hits you!
You die...

..#####g#.........)....#
#.#####.######.#.#
#.#....(..# #.#.#
#.#.####..# #.#.# #.#.#
#g.# #.#.# #.).# #..#
#.#.# ##### #..#
#.#.##### ##.####.#.....#
#.@....###.### ♣♣♣♣♣♣♣
##.##### #.# ...♣♣.♣♣
#.#######.#
♣♣...♣.♣♣♣♣♣♣♣
#.........#
♣♣♣♣♣♣......♣♣#.#########
♣♣♣♣♣♣♣.♣#.# ♣ ♣♣)..# ♣
♣♣#...# ♣ #.#.#


You could see a goblin.

Vanquished Creatures
  A scorpion (D:2)
  2 orc priests (D:3)
  A worker ant (D:3)
  3 gnolls (D:3)
  2 adders
  A dart slug (D:1)
  4 leopard geckos
  An orc (D:3)
  8 bats
  5 giant cockroaches
  4 goblins
  7 hobgoblins
  6 jackals
  5 kobolds
  A ball python (D:1)
  7 frilled lizards
  6 rats
64 creatures vanquished.

Notes
Turn   | Place    | Note
-------+----------+-------------------------------------------
     0 | D:1      | b5mith the Human Berserker began the quest for the Orb.
     0 | D:1      | Reached XP level 1. HP: 18/18 MP: 1/1
    88 | D:1      | Reached XP level 2. HP: 5/24 MP: 2/2
   592 | D:1      | Reached XP level 3. HP: 20/29 MP: 3/3
  1297 | D:2      | Noticed a scorpion
  1302 | D:2      | Reached ** piety under Trog
  1322 | D:2      | Killed a scorpion
  1322 | D:2      | Reached skill level 4 in Polearms
  1322 | D:2      | Reached XP level 4. HP: 18/36 MP: 4/4
  1556 | D:2      | Reached XP level 5. HP: 16/41 MP: 5/5
  2212 | D:3      | Reached skill level 1 in Stealth
  2518 | D:3      | Reached XP level 6. HP: 18/48 MP: 6/6
  2651 | D:3      | Killed from afar by a goblin

Vault maps used:
D:1:      kilobyte_arrival_exit_the_forest, st_stairs_14, minivault_23,
          minmay_tromino_i2
D:3:      kb_forest_paths, minmay_fountain_box, minmay_misc_feat_five

Skill      XL: |  1  2  3  4  5 |
---------------+----------------+-----
Polearms       | 4 |  4.8
Stealth        | 1 |  1.7
Dodging        | 3 |  3.1
Fighting       | |  3.9
Throwing       | |  0.6
Armour         | |  2.6

Action                   |  1- 3 |  4- 6 || total
-------------------------+-------+-------++-------
Melee: Spear             |   144 |   131 ||   275
Throw: Javelin           |       |    13 ||    13
  Use: Scroll            |       |     2 ||     2
 Stab: Sleeping          |     2 |     3 ||     5
  Eat: Ration            |     1 |     1 ||     2
Armor: Animal skin       |    13 |       ||    13
       Leather armour    |    13 |    17 ||    30
Dodge: Dodged            |    71 |    52 ||   123

Table legend:
 A = Spawn XP
 B = Non-spawn XP
 C = Spawn XP percentage of total XP
 D = Spawn monster count
 E = Non-spawn monster count
 F = Spawn count percentage of total count
 G = Total turns spent on level
                    A         B        C        D         E        F      G
               +---------+---------+-------+---------+---------+-------+---------
         Total |       0 |     357 |   0.0 |       0 |      64 |   0.0 |  2651
               +---------+---------+-------+---------+---------+-------+---------
           D:1 |       0 |      49 |   0.0 |       0 |      25 |   0.0 |  1155
           D:2 |       0 |     109 |   0.0 |       0 |      22 |   0.0 |  1004
           D:3 |       0 |     199 |   0.0 |       0 |      17 |   0.0 |   492
               +---------+---------+-------+---------+---------+-------+---------
